[Event "Portugal Open 2020"]
[Site "Lisbon"]
[Date "2020.01.26"]
[Round "2.11"]
[White "Ten Hertog, Hugo"]
[Black "Cambando, Jose"]
[Result "1-0"]
[ECO "B90"]
[WhiteElo "2503"]
[BlackElo "2166"]
[Annotator "ChessBase"]
[PlyCount "69"]
[EventDate "2020.01.25"]
[EventType "swiss"]
[EventCountry "POR"]
[SourceTitle "playchess.com"]
[Source "ChessBase"]
[SourceQuality "1"]
[TimeControl "5400+30"]

1. e4 c5 2. Nf3 d6 3. d4 cxd4 4. Nxd4 Nf6 5. Nc3 a6 6. h3 Nc6 7. g4 Nxd4 8. Qxd4 e5 9. Qd3 Be6 10. f4 exf4 11. Bxf4 d5 12. O-O-O dxe4 13. Nxe4 Qxd3 14. Nxf6+ gxf6 15. Rxd3 Rd8 16. Rxd8+ Kxd8 17. Bg2 Kc8 18. Rd1 h5 19. Rd3 Bh6 20. Rc3+ Kd8 21. Bxh6 Rxh6 22. Bxb7 hxg4 23. hxg4 a5 24. Bf3 Rh3 25. Kd2 Rh2+ 26. Ke3 Bxa2 27. b3 Bb1 28. Be4 Kd7 29. Rc4 Kd6 30. Kd4 Rd2+ 31. Kc3 Rd1 32. Rd4+ Rxd4 33. Kxd4 a4 34. bxa4 Ba2 35. a5 {[%emt 0:00:10] Kd5+} 1-0

[Event "Portugal Open 2020"]
[Site "Lisbon"]
[Date "2020.01.26"]
[Round "2.12"]
[White "Santos, Antonio P"]
[Black "Spraggett, Kevin"]
[Result "1/2-1/2"]
[ECO "A61"]
[WhiteElo "2152"]
[BlackElo "2501"]
[Annotator "ChessBase"]
[PlyCount "96"]
[EventDate "2020.01.25"]
[EventType "swiss"]
[EventCountry "POR"]
[SourceTitle "playchess.com"]
[Source "ChessBase"]
[SourceQuality "1"]
[TimeControl "5400+30"]

1. d4 Nf6 2. c4 e6 3. Nc3 c5 4. d5 exd5 5. cxd5 d6 6. Nf3 g6 7. e4 a6 8. a4 Bg4 9. Be2 Bxf3 10. Bxf3 Nbd7 11. O-O Bg7 12. Bf4 Qe7 13. a5 O-O 14. Qb3 Rab8 15. Rfe1 h5 16. Na4 Nh7 17. h3 Rfe8 18. Rab1 Bd4 19. Nb6 Nxb6 20. Qxb6 Be5 21. Bxe5 Qxe5 22. b4 c4 23. b5 Rbc8 24. Qxb7 axb5 25. Qxb5 Ng5 26. Re3 Rc5 27. Qb6 c3 28. a6 c2 29. Rc1 Nxf3+ 30. Rxf3 Qe7 31. a7 Ra8 32. Ra3 Qxe4 33. Qb8+ Rc8 34. Qxc8+ Rxc8 35. a8=Q Rxa8 36. Rxa8+ Kg7 37. Rc8 Qxd5 38. R8xc2 h4 39. Re1 g5 40. Ree2 f6 41. Rcd2 Qc5 42. Rc2 Qb4 43. Rb2 Qa3 44. Rbd2 Kg6 45. Kh2 Qb4 46. Rd3 Qf4+ 47. g3 Qf5 48. Red2 Qe5 1/2-1/2

[Event "Portugal Open 2020"]
[Site "Lisbon"]
[Date "2020.01.26"]
[Round "2.13"]
[White "Jaracz, Pawel"]
[Black "Tscharotschkin, Michael"]
[Result "1/2-1/2"]
[WhiteElo "2466"]
[BlackElo "2156"]
[Annotator "ChessBase"]
[PlyCount "30"]
[EventDate "2020.01.25"]
[EventType "swiss"]
[EventCountry "POR"]
[SourceTitle "playchess.com"]
[Source "ChessBase"]
[SourceQuality "1"]
[TimeControl "5400+30"]

1. Nf3 d5 2. c4 e6 3. e3 c6 4. Nc3 f5 5. Qc2 Nf6 6. b3 Bd6 7. Bb2 O-O 8. Be2 Ne4 9. d3 Nxc3 10. Bxc3 Qe7 11. e4 dxe4 12. dxe4 e5 13. O-O Na6 14. Rad1 Nc5 15. Bd3 fxe4 1/2-1/2

[Event "Portugal Open 2020"]
[Site "Lisbon"]
[Date "2020.01.26"]
[Round "2.14"]
[White "Borges, Guilherme Deola"]
[Black "Stella, Andrea"]
[Result "1-0"]
[ECO "D85"]
[WhiteElo "2134"]
[BlackElo "2465"]
[Annotator "ChessBase"]
[PlyCount "101"]
[EventDate "2020.01.25"]
[EventType "swiss"]
[EventCountry "POR"]
[SourceTitle "playchess.com"]
[Source "ChessBase"]
[SourceQuality "1"]
[TimeControl "5400+30"]

1. d4 Nf6 2. c4 g6 3. Nc3 d5 4. cxd5 Nxd5 5. Bd2 Nb6 6. e3 Bg7 7. Nf3 O-O 8. Be2 Nc6 9. O-O e5 10. dxe5 Nxe5 11. Nxe5 Bxe5 12. Qc2 Qe7 13. e4 c6 14. f4 Bd4+ 15. Kh1 f5 16. Bd3 Be6 17. exf5 Bxf5 18. Bxf5 Rxf5 19. Rae1 Qh4 20. Ne4 Nd5 21. Qb3 Bb6 22. g3 Qd8 23. Bc3 Rf7 24. Rd1 h6 25. Be5 Kh7 26. g4 Qe7 27. Ng5+ Kg8 28. Nxf7 Qxf7 29. Qh3 Qf8 30. g5 Re8 31. gxh6 Kh7 32. f5 g5 33. Rde1 Qf7 34. f6 Ne3 35. Rxe3 Bxe3 36. Qf5+ Kh8 37. Rf3 Bf4 38. Bxf4 gxf4 39. Qxf4 Re1+ 40. Kg2 Qg6+ 41. Qg3 Re2+ 42. Kf1 Qxg3 43. hxg3 Re8 44. g4 Kh7 45. f7 Rf8 46. Rf6 a5 47. g5 b5 48. Ke2 c5 49. Kf3 c4 50. Kg4 b4 51. Kh5 1-0

[Event "Portugal Open 2020"]
[Site "Lisbon"]
[Date "2020.01.26"]
[Round "2.15"]
[White "Haldorsen, Benjamin"]
[Black "Garcia Dorado, Alberto"]
[Result "1-0"]
[ECO "C00"]
[WhiteElo "2463"]
[BlackElo "2152"]
[Annotator "ChessBase"]
[PlyCount "64"]
[EventDate "2020.01.25"]
[EventType "swiss"]
[EventCountry "POR"]
[SourceTitle "playchess.com"]
[Source "ChessBase"]
[SourceQuality "1"]
[TimeControl "5400+30"]

1. e4 e6 2. d4 d5 3. Bd3 dxe4 4. Bxe4 Nf6 5. Bf3 c5 6. Ne2 Nc6 7. Be3 cxd4 8. Nxd4 Ne5 9. Nc3 a6 10. Qe2 Nxf3+ 11. gxf3 Bb4 12. O-O-O Qe7 13. Ne4 e5 14. Nb3 Nxe4 15. fxe4 O-O 16. Rhg1 Re8 17. a3 Bd6 18. Qd3 Bc7 19. Qc3 f6 20. Nc5 Kh8 21. h4 Bd6 22. h5 Bxc5 23. Bxc5 Qf7 24. h6 g6 25. f4 exf4 26. Rgf1 Kg8 27. Rxf4 Be6 28. Rxf6 Qc7 29. Rg1 Bf7 30. Rgf1 Re5 31. Rxf7 Qxc5 32. Qxc5 Rxc5 1-0

[Event "Portugal Open 2020"]
[Site "Lisbon"]
[Date "2020.01.26"]
[Round "2.16"]
[White "Pires, Emanuel Joao Robarts"]
[Black "Janik, Igor"]
[Result "0-1"]
[ECO "B10"]
[WhiteElo "2112"]
[BlackElo "2453"]
[Annotator "ChessBase"]
[PlyCount "100"]
[EventDate "2020.01.25"]
[EventType "swiss"]
[EventCountry "POR"]
[SourceTitle "playchess.com"]
[Source "ChessBase"]
[SourceQuality "1"]
[TimeControl "5400+30"]

1. e4 c6 2. Bc4 d5 3. Bb3 dxe4 4. Qh5 g6 5. Qh4 Nf6 6. f3 Bf5 7. Nc3 exf3 8. Nxf3 Bg7 9. O-O e6 10. d4 Nbd7 11. Bh6 O-O 12. Ng5 Nh5 13. Bxg7 Kxg7 14. g4 h6 15. Nxe6+ fxe6 16. Qxd8 Raxd8 17. gxf5 exf5 18. Rae1 Rfe8 19. d5 Ne5 20. Re3 Nf6 21. dxc6 bxc6 22. h3 h5 23. Kh1 Rd2 24. Nb1 Rd4 25. Nc3 Nfd7 26. Rfe1 Kf6 27. Ba4 Re6 28. Bb3 Red6 29. Rf1 Nc5 30. Rfe1 Nxb3 31. axb3 Nf7 32. Ra1 Rd2 33. Rxa7 Rxc2 34. Ra1 Rdd2 35. Rae1 Ng5 36. R1e2 Rxe2 37. Nxe2 Rxb2 38. Nd4 c5 39. Nc6 Ne4 40. Kg1 h4 41. Nb8 Kg5 42. Rf3 c4 43. Nc6 Rxb3 44. Rf1 Rxh3 45. Ne5 Rg3+ 46. Kh2 Nd2 47. Rd1 c3 48. Nf3+ Nxf3+ 49. Kh1 c2 50. Rf1 Rg1+ 0-1

[Event "Portugal Open 2020"]
[Site "Lisbon"]
[Date "2020.01.26"]
[Round "2.17"]
[White "Martin Duque, Jesus"]
[Black "Correia, Mario"]
[Result "1-0"]
[ECO "B36"]
[WhiteElo "2447"]
[BlackElo "2133"]
[Annotator "NA"]
[PlyCount "61"]
[EventDate "2020.01.25"]
[EventType "swiss"]
[EventCountry "POR"]
[SourceTitle "playchess.com"]
[Source "ChessBase"]
[SourceQuality "1"]
[TimeControl "5400+30"]

1. e4 c5 2. Nf3 Nc6 3. d4 cxd4 4. Nxd4 g6 5. c4 Nf6 6. Nc3 d6 7. Be2 Nxd4 8. Qxd4 Bg7 9. Be3 O-O 10. Qd2 a5 11. O-O a4 12. Bd4 Bd7 13. b4 axb3 14. axb3 Bc6 15. Qc2 Nd7 16. Bxg7 Kxg7 17. Rad1 Qb6 18. Nd5 Bxd5 19. exd5 Nc5 20. Qc3+ Kg8 21. b4 Ne4 22. Qc2 f5 23. Qb3 Nc5 24. Qb2 Ra4 25. Rb1 Na6 26. c5 dxc5 27. d6 Qxb4 28. dxe7 Re8 29. Qf6 Qd4 30. Qe6+ Kg7 31. Rxb7 1-0

[Event "Portugal Open 2020"]
[Site "Lisbon"]
[Date "2020.01.26"]
[Round "2.18"]
[White "Fernandes, Joao Pedro Murtinho"]
[Black "Stachowiak, Kamil"]
[Result "0-1"]
[ECO "B43"]
[WhiteElo "2099"]
[BlackElo "2446"]
[Annotator "NA"]
[PlyCount "64"]
[EventDate "2020.01.25"]
[EventType "swiss"]
[EventCountry "POR"]
[SourceTitle "playchess.com"]
[Source "ChessBase"]
[SourceQuality "1"]
[TimeControl "5400+30"]

1. e4 c5 2. Nf3 e6 3. d4 cxd4 4. Nxd4 a6 5. Nc3 Qc7 6. Bd3 Nc6 7. Nb3 Nf6 8. O-O b5 9. f4 b4 10. e5 bxc3 11. exf6 gxf6 12. bxc3 Bb7 13. Qe2 Ne7 14. c4 Rg8 15. Be4 Nf5 16. Bd2 Bxe4 17. Qxe4 Rc8 18. Rae1 Be7 19. c5 Bxc5+ 20. Kh1 Be7 21. Nd4 Nxd4 22. Qxd4 Qc4 23. Qxc4 Rxc4 24. Rb1 Bd6 25. Rb6 Ke7 26. c3 Ra4 27. Be3 Rb8 28. Rxb8 Bxb8 29. Rf2 Rc4 30. Rc2 Bxf4 31. Bxf4 Rxf4 32. g3 Rc4 0-1

[Event "Portugal Open 2020"]
[Site "Lisbon"]
[Date "2020.01.26"]
[Round "2.19"]
[White "Campora, Daniel H."]
[Black "Silva, Goncalo Nuno Neto Pi"]
[Result "1-0"]
[ECO "B31"]
[WhiteElo "2420"]
[BlackElo "2133"]
[Annotator "NA"]
[PlyCount "43"]
[EventDate "2020.01.25"]
[EventType "swiss"]
[EventCountry "POR"]
[SourceTitle "playchess.com"]
[Source "ChessBase"]
[SourceQuality "1"]
[TimeControl "5400+30"]

1. e4 c5 2. Nf3 Nc6 3. Bb5 g6 4. O-O Bg7 5. Re1 Nf6 6. d3 O-O 7. h3 Qc7 8. e5 Nd5 9. c4 Nb6 10. Bf4 Nd4 11. Nxd4 cxd4 12. Nd2 f6 13. exf6 Qxf4 14. fxg7 Qxf2+ 15. Kh1 Kxg7 16. Rxe7+ Kh8 17. Re2 Qf5 18. Qg1 Kg7 19. Rf1 Qc5 20. Rxf8 Kxf8 21. b4 Qh5 22. Qf2+ 1-0

[Event "Portugal Open 2020"]
[Site "Lisbon"]
[Date "2020.01.26"]
[Round "2.20"]
[White "Fernandes, Alberto"]
[Black "Damaso, Rui"]
[Result "0-1"]
[ECO "A22"]
[WhiteElo "2092"]
[BlackElo "2420"]
[Annotator "NA"]
[PlyCount "32"]
[EventDate "2020.01.25"]
[EventType "swiss"]
[EventCountry "POR"]
[SourceTitle "playchess.com"]
[Source "ChessBase"]
[SourceQuality "1"]
[TimeControl "5400+30"]

1. c4 e5 2. Nc3 Nf6 3. e4 Bc5 4. g3 c6 5. Bg2 b5 6. d3 d6 7. Nge2 Qb6 8. O-O Nbd7 9. h3 a5 10. b3 Bb7 11. Bb2 O-O 12. g4 a4 13. cxb5 a3 14. bxc6 axb2 15. cxb7 bxa1=Q 16. bxa8=Q Qxd1 0-1

[Event "Portugal Open 2020"]
[Site "Lisbon"]
[Date "2020.01.26"]
[Round "2.21"]
[White "Butkiewicz, Lukasz"]
[Black "Roettgen, Juergen"]
[Result "1-0"]
[ECO "B49"]
[WhiteElo "2416"]
[BlackElo "2131"]
[Annotator "NA"]
[PlyCount "75"]
[EventDate "2020.01.25"]
[EventType "swiss"]
[EventCountry "POR"]
[SourceTitle "playchess.com"]
[Source "ChessBase"]
[SourceQuality "1"]
[TimeControl "5400+30"]

1. e4 c5 2. Nf3 e6 3. d4 cxd4 4. Nxd4 Nc6 5. Nc3 Qc7 6. Be3 a6 7. Be2 Nf6 8. O-O Bb4 9. Na4 Be7 10. Nxc6 bxc6 11. Nb6 Rb8 12. Nxc8 Qxc8 13. Bd4 c5 14. Be5 Rb6 15. Qd3 O-O 16. c4 d6 17. Bc3 Qc6 18. Bf3 e5 19. g3 Ne8 20. Bg2 Nc7 21. f4 Bf6 22. f5 Ne8 23. Bf3 Rb8 24. b3 Bd8 25. Bd2 Ra8 26. Rae1 a5 27. Bd1 Qc7 28. Kg2 Ra7 29. h4 Qc6 30. a4 Bf6 31. Rh1 g6 32. g4 gxf5 33. gxf5 Kh8 34. Kh3 Bg7 35. Rhg1 Nf6 36. Qf3 Rg8 37. Rg3 Rf8 38. Rgg1 1-0

[Event "Portugal Open 2020"]
[Site "Lisbon"]
[Date "2020.01.26"]
[Round "2.22"]
[White "Fidalgo, Daniel Neves"]
[Black "Savanovic, Aleksandar"]
[Result "0-1"]
[ECO "A13"]
[WhiteElo "2076"]
[BlackElo "2414"]
[Annotator "NA"]
[PlyCount "56"]
[EventDate "2020.01.25"]
[EventType "swiss"]
[EventCountry "POR"]
[SourceTitle "playchess.com"]
[Source "ChessBase"]
[SourceQuality "1"]
[TimeControl "5400+30"]

1. c4 e6 2. Nf3 d5 3. b3 Nf6 4. g3 d4 5. e3 c5 6. exd4 cxd4 7. Bg2 Nc6 8. O-O Be7 9. d3 O-O 10. a3 a5 11. Re1 Nd7 12. Nbd2 h6 13. h4 e5 14. Rb1 f5 15. h5 Kh8 16. Nh2 Nc5 17. Ndf3 e4 18. dxe4 fxe4 19. Nd2 e3 20. fxe3 dxe3 21. Ndf3 Qxd1 22. Rxd1 e2 23. Re1 Bf5 24. Rb2 Nd3 25. Rbxe2 Nxe1 26. Rxe1 Rae8 27. Be3 Bxa3 28. Nh4 Rxe3 0-1

[Event "Portugal Open 2020"]
[Site "Lisbon"]
[Date "2020.01.26"]
[Round "2.24"]
[White "Xu, Yang"]
[Black "Sousa, Andre Ventura"]
[Result "0-1"]
[ECO "A05"]
[WhiteElo "2359"]
[BlackElo "2391"]
[Annotator "NA"]
[PlyCount "96"]
[EventDate "2020.01.25"]
[EventType "swiss"]
[EventCountry "POR"]
[SourceTitle "playchess.com"]
[Source "ChessBase"]
[SourceQuality "1"]
[TimeControl "5400+30"]

1. Nf3 Nf6 2. g3 g6 3. Bg2 Bg7 4. O-O d5 5. d4 c6 6. c4 dxc4 7. Ne5 Ng4 8. Nf3 O-O 9. e4 e5 10. h3 exd4 11. hxg4 Bxg4 12. Qe1 Na6 13. Nh2 Be6 14. f4 Re8 15. Qd1 Nc5 16. Nd2 c3 17. Nb3 Nxb3 18. axb3 Qb6 19. Kh1 Bxb3 20. Qf3 cxb2 21. Bxb2 Bc2 22. Ba3 Bxe4 23. Qf2 Bxg2+ 24. Qxg2 d3 25. Ra2 Qb3 26. Bc1 c5 27. f5 gxf5 28. Ra3 Qc4 29. Qf3 Rad8 30. Rd1 b5 31. Bg5 f6 32. Be3 Bf8 33. Rxa7 Qe4 34. Bf4 c4 35. Rc7 Rc8 36. Rb7 Rc5 37. Qxe4 Rxe4 38. Nf3 Rd5 39. Bd2 Re2 40. Ra1 Rxd2 41. Nxd2 c3 42. Kg2 cxd2 43. Rd1 Bb4 44. Rb8+ Kg7 45. Rb7+ Kg6 46. Kf3 Re5 47. Ra7 Bc3 48. Rh1 Re1 0-1

[Event "Portugal Open 2020"]
[Site "Lisbon"]
[Date "2020.01.26"]
[Round "2.25"]
[White "Vasli, Aref"]
[Black "Fernandes, Ricardo Paulos"]
[Result "1-0"]
[ECO "A45"]
[WhiteElo "2391"]
[BlackElo "2100"]
[Annotator "NA"]
[PlyCount "125"]
[EventDate "2020.01.25"]
[EventType "swiss"]
[EventCountry "POR"]
[SourceTitle "playchess.com"]
[Source "ChessBase"]
[SourceQuality "1"]
[TimeControl "5400+30"]

1. d4 Nf6 2. Bg5 e6 3. e3 Be7 4. Nd2 d5 5. Bd3 Nbd7 6. Ngf3 c5 7. c3 b6 8. O-O Bb7 9. Qb1 h6 10. Bf4 O-O 11. h3 Rc8 12. Re1 c4 13. Bc2 b5 14. e4 dxe4 15. Nxe4 Nxe4 16. Bxe4 Bxe4 17. Qxe4 Nf6 18. Qc2 Nd5 19. Bd2 Bd6 20. Re4 Qf6 21. Rae1 Bf4 22. Qc1 Bxd2 23. Qxd2 Qe7 24. Rg4 Nf6 25. Rh4 Rfd8 26. Ne5 Rd5 27. Rf4 Rf8 28. a4 a6 29. axb5 axb5 30. Ra1 Qc7 31. Qe3 Nd7 32. Ng4 h5 33. Nh2 g6 34. Nf3 Kg7 35. h4 Nf6 36. Ne5 Nd7 37. Nf3 Nf6 38. g3 Rd7 39. Qe2 Nd5 40. Re4 Nf6 41. Re5 Rd5 42. Rg5 Rfd8 43. Rxd5 Rxd5 44. Ng5 Nh7 45. Ne4 Nf6 46. Nc5 Nd7 47. Na6 Qa7 48. Ra3 Rf5 49. Nb4 Qb7 50. Nc2 Rd5 51. Ra1 Nf6 52. Qf3 Rd7 53. Qf4 Qe4 54. Qxe4 Nxe4 55. Ra6 Rd6 56. Ra7 Rb6 57. Ne3 b4 58. Nxc4 bxc3 59. bxc3 Rb1+ 60. Kg2 Rc1 61. Ne5 Rxc3 62. Rxf7+ Kg8 63. Rf4 1-0

[Event "Portugal Open 2020"]
[Site "Lisbon"]
[Date "2020.01.26"]
[Round "2.27"]
[White "Sarkar, Justin"]
[Black "Chennaoui, Yasin"]
[Result "1-0"]
[ECO "D53"]
[WhiteElo "2385"]
[BlackElo "2093"]
[Annotator "NA"]
[PlyCount "135"]
[EventDate "2020.01.25"]
[EventType "swiss"]
[EventCountry "POR"]
[SourceTitle "playchess.com"]
[Source "ChessBase"]
[SourceQuality "1"]
[TimeControl "5400+30"]

1. d4 Nf6 2. c4 e6 3. Nc3 d5 4. Bg5 Be7 5. e3 Nbd7 6. Nf3 h6 7. Bh4 dxc4 8. Bxc4 a6 9. a4 c5 10. O-O cxd4 11. exd4 O-O 12. Qe2 Nb6 13. Bb3 Nbd5 14. Ne5 Nxc3 15. bxc3 Nd5 16. Bxe7 Qxe7 17. Ng6 fxg6 18. Bxd5 Qc7 19. Bxe6+ Kh7 20. Qc4 Qf4 21. Bd5 b5 22. Qc5 Rb8 23. Bc6 Bg4 24. axb5 axb5 25. d5 b4 26. cxb4 Qxb4 27. Qxb4 Rxb4 28. f3 Bf5 29. Ra7 Kg8 30. Re1 Rb1 31. Rxb1 Bxb1 32. Kf2 Rf7 33. Ra8+ Rf8 34. Ra7 Rf7 35. Ra1 Bf5 36. Ke3 Re7+ 37. Kd4 Kf7 38. g4 Bc8 39. d6 Re2 40. Ra7+ Kf6 41. d7 Bxd7 42. Rxd7 Rxh2 43. f4 g5 44. fxg5+ hxg5 45. Ke3 Rh3+ 46. Bf3 Kg6 47. Rd6+ Kh7 48. Rd1 Kh6 49. Rh1 Rxh1 50. Bxh1 Kg6 51. Kd4 Kh7 52. Ke5 Kg8 53. Kf5 Kh7 54. Bd5 Kh8 55. Kxg5 Kh7 56. Kf5 Kh8 57. Bf7 Kh7 58. g5 Kh8 59. Ke6 Kh7 60. Ke7 Kh8 61. Bg6 Kg8 62. Bf5 Kh8 63. Kf7 g6 64. Kxg6 Kg8 65. Kf6 Kh8 66. g6 Kg8 67. Be6+ Kh8 68. g7+ 1-0

[Event "Portugal Open 2020"]
[Site "Lisbon"]
[Date "2020.01.26"]
[Round "2.28"]
[White "Casagrande, Federico"]
[Black "Bashirli, Nail"]
[Result "0-1"]
[ECO "E15"]
[WhiteElo "1999"]
[BlackElo "2379"]
[Annotator "NA"]
[PlyCount "75"]
[EventDate "2020.01.25"]
[EventType "swiss"]
[EventCountry "POR"]
[SourceTitle "playchess.com"]
[Source "ChessBase"]
[SourceQuality "1"]
[TimeControl "5400+30"]

1. d4 Nf6 2. c4 e6 3. Nf3 b6 4. g3 Ba6 5. Qc2 d5 6. Nbd2 Be7 7. Bg2 O-O 8. O-O c5 9. b3 Nc6 10. dxc5 bxc5 11. Bb2 d4 12. Ne1 Bb7 13. Nd3 a5 14. Ba3 Qb6 15. Nf3 Nb4 16. Bxb4 axb4 17. Nfe5 Bxg2 18. Kxg2 Qb7+ 19. f3 Bd6 20. h3 Qc7 21. Ng4 Nd7 22. f4 f5 23. Nh2 Qc6+ 24. Nf3 Nf6 25. Kh2 Ne4 26. Nfe5 Qc7 27. Rfe1 Rfd8 28. Qb2 Ra3 29. Rac1 Rda8 30. Rc2 Nc3 31. Ra1 Qb7 32. h4 Qe4 33. Rd2 h6 34. h5 Qe3 35. Rc2 Bxe5 36. Nxe5 Qf2+ 37. Kh1 Qxf4 38. gxf4 0-1

[Event "Portugal Open 2020"]
[Site "Lisbon"]
[Date "2020.01.26"]
[Round "2.29"]
[White "Loeffler, Stefan"]
[Black "Marzano, Carlo"]
[Result "0-1"]
[ECO "A20"]
[WhiteElo "2376"]
[BlackElo "2078"]
[Annotator "NA"]
[PlyCount "80"]
[EventDate "2020.01.25"]
[EventType "swiss"]
[EventCountry "POR"]
[SourceTitle "playchess.com"]
[Source "ChessBase"]
[SourceQuality "1"]
[TimeControl "5400+30"]

1. c4 e5 2. g3 Nf6 3. Bg2 Nc6 4. Nc3 Bc5 5. e3 d5 6. cxd5 Nb4 7. d3 c6 8. Nf3 Bg4 9. O-O Nbxd5 10. Qb3 Bxf3 11. Bxf3 Qd7 12. Nxd5 Nxd5 13. Qc4 Be7 14. b3 O-O 15. Bb2 Nb6 16. Qc2 Qe6 17. Rad1 f5 18. Rfe1 Rae8 19. Bg2 Bd6 20. a3 Kh8 21. Qc3 Nd5 22. Qc4 Nb6 23. Qxe6 Rxe6 24. f4 Rfe8 25. Kf2 Kg8 26. b4 a6 27. Bf3 g6 28. h4 h5 29. Bc1 Nd7 30. e4 exf4 31. gxf4 Be7 32. Kg3 Bf6 33. Bd2 fxe4 34. dxe4 Nb6 35. e5 Bg7 36. Bc3 Kh7 37. Rd3 Nc8 38. Rd7 R6e7 39. Red1 Nb6 40. Rxe7 Rxe7 0-1

[Event "Portugal Open 2020"]
[Site "Lisbon"]
[Date "2020.01.26"]
[Round "2.30"]
[White "Gonzalez Trigal, Jose Luis"]
[Black "Maric, Boris"]
[Result "1/2-1/2"]
[ECO "E21"]
[WhiteElo "2369"]
[BlackElo "2034"]
[Annotator "NA"]
[PlyCount "100"]
[EventDate "2020.01.25"]
[EventType "swiss"]
[EventCountry "POR"]
[SourceTitle "playchess.com"]
[Source "ChessBase"]
[SourceQuality "1"]
[TimeControl "5400+30"]

1. d4 Nf6 2. c4 e6 3. Nf3 b6 4. Nc3 Bb4 5. Qc2 Bb7 6. a3 Bxc3+ 7. Qxc3 Ne4 8. Qc2 d5 9. g3 O-O 10. Bg2 Nd7 11. O-O c5 12. dxc5 Rc8 13. b4 bxc5 14. b5 Nb6 15. cxd5 exd5 16. Rd1 Qe7 17. e3 Rcd8 18. Ne1 Rfe8 19. Nd3 h5 20. Rb1 Nc4 21. Nf4 h4 22. Bb2 Nxb2 23. Qxb2 Rd6 24. Rd3 Red8 25. Rbd1 d4 26. exd4 Qf6 27. Re1 Rxd4 28. Rde3 Nd6 29. Bxb7 Nxb7 30. Qc2 g6 31. Re7 Rd2 32. Qe4 Nd6 33. Qe3 Nf5 34. Re8+ Rxe8 35. Qxe8+ Kg7 36. Qe5 Nd4 37. Kg2 Nxb5 38. Qxc5 Qd4 39. Qxd4+ Rxd4 40. Re3 Ra4 41. Rb3 a6 42. Rd3 Rxa3 43. Rd7 hxg3 44. hxg3 Rc3 45. Ne6+ Kf6 46. Nf4 Rc6 47. Rb7 g5 48. Nd5+ Ke6 49. Nb4 Rd6 50. Nxa6 Rxa6 1/2-1/2

[Event "Portugal Open 2020"]
[Site "Lisbon"]
[Date "2020.01.26"]
[Round "2.32"]
[White "Soham Das"]
[Black "Sismeiro, Miguel"]
[Result "1-0"]
[ECO "A45"]
[WhiteElo "2355"]
[BlackElo "2026"]
[Annotator "NA"]
[PlyCount "39"]
[EventDate "2020.01.25"]
[EventType "swiss"]
[EventCountry "POR"]
[SourceTitle "playchess.com"]
[Source "ChessBase"]
[SourceQuality "1"]
[TimeControl "5400+30"]

1. d4 Nf6 2. Bf4 d5 3. e3 c5 4. c3 e6 5. Nd2 Bd6 6. Bg3 Qc7 7. Bd3 Nbd7 8. f4 b6 9. Ngf3 Bb7 10. Ne5 O-O 11. Qf3 a5 12. Bh4 Ba6 13. Bc2 b5 14. Qh3 g6 15. O-O Bb7 16. Rf3 Ne4 17. Nxe4 dxe4 18. Nxd7 Qxd7 19. Bf6 Be7 20. Qxh7+ 1-0

[Event "Portugal Open 2020"]
[Site "Lisbon"]
[Date "2020.01.26"]
[Round "2.33"]
[White "Ruiz Vinals, Matias"]
[Black "Plichta, Kamil"]
[Result "0-1"]
[ECO "E92"]
[WhiteElo "1964"]
[BlackElo "2353"]
[Annotator "NA"]
[PlyCount "62"]
[EventDate "2020.01.25"]
[EventType "swiss"]
[EventCountry "POR"]
[SourceTitle "playchess.com"]
[Source "ChessBase"]
[SourceQuality "1"]
[TimeControl "5400+30"]

1. Nf3 Nf6 2. c4 g6 3. Nc3 Bg7 4. e4 d6 5. d4 O-O 6. Be2 e5 7. dxe5 dxe5 8. Qxd8 Rxd8 9. Bg5 Rf8 10. Nd5 Nxd5 11. cxd5 c6 12. Bc4 b5 13. Bb3 a5 14. a4 bxa4 15. Bxa4 f6 16. Be3 cxd5 17. exd5 Bb7 18. O-O-O e4 19. Ng1 Na6 20. Ne2 Nc5 21. Nc3 Nd3+ 22. Rxd3 exd3 23. d6 Rad8 24. d7 Rf7 25. Kd2 Bf8 26. Kxd3 Bxg2 27. Ra1 Bb4 28. Kc2 Bh3 29. Bb3 Bf5+ 30. Kc1 Rdxd7 31. Nd5 Be6 0-1

[Event "Portugal Open 2020"]
[Site "Lisbon"]
[Date "2020.01.26"]
[Round "2.34"]
[White "Taboas Rodriguez, Daniel"]
[Black "Cordeiro, Joao Carlos Santos F"]
[Result "1-0"]
[ECO "D56"]
[WhiteElo "2348"]
[BlackElo "2005"]
[Annotator "NA"]
[PlyCount "103"]
[EventDate "2020.01.25"]
[EventType "swiss"]
[EventCountry "POR"]
[SourceTitle "playchess.com"]
[Source "ChessBase"]
[SourceQuality "1"]
[TimeControl "5400+30"]

1. d4 Nf6 2. Nf3 e6 3. c4 d5 4. Bg5 Be7 5. Nc3 O-O 6. e3 h6 7. Bh4 Ne4 8. Bxe7 Qxe7 9. Rc1 Nxc3 10. Rxc3 c6 11. Bd3 Nd7 12. O-O dxc4 13. Bxc4 e5 14. Bb3 exd4 15. exd4 Nb6 16. Re1 Qf6 17. Ne5 Nd5 18. Bxd5 cxd5 19. Rf3 Qd8 20. Qb3 Be6 21. Rc3 Qb6 22. Qxb6 axb6 23. a3 Rfc8 24. Rec1 Kf8 25. f4 Ke7 26. Kf2 Rxc3 27. Rxc3 Rc8 28. Rxc8 Bxc8 29. Ke3 f6 30. Nd3 Kd6 31. Kd2 g5 32. fxg5 fxg5 33. Ne5 Ke6 34. g4 Kd6 35. Kc3 Be6 36. Kb4 Kc7 37. Kb5 Bg8 38. a4 Be6 39. b4 Bg8 40. a5 bxa5 41. bxa5 Be6 42. Kc5 Bg8 43. Nd3 Be6 44. Nf2 Bf7 45. Nd1 Be6 46. Ne3 Kb8 47. Kd6 Bc8 48. h3 Ka7 49. Nxd5 Ka6 50. Nb6 Bxg4 51. hxg4 Kxa5 52. Kc5 1-0

[Event "Portugal Open 2020"]
[Site "Lisbon"]
[Date "2020.01.26"]
[Round "2.35"]
[White "Lekic, Dusan"]
[Black "Martins, Diogo Faria Oliveira"]
[Result "1/2-1/2"]
[ECO "B35"]
[WhiteElo "2343"]
[BlackElo "1998"]
[Annotator "NA"]
[PlyCount "46"]
[EventDate "2020.01.25"]
[EventType "swiss"]
[EventCountry "POR"]
[SourceTitle "playchess.com"]
[Source "ChessBase"]
[SourceQuality "1"]
[TimeControl "5400+30"]

1. Nf3 g6 2. e4 c5 3. d4 cxd4 4. Nxd4 Nc6 5. Nc3 Bg7 6. Be3 Nf6 7. Bc4 Qa5 8. O-O O-O 9. Bb3 d6 10. h3 Bd7 11. Re1 Rfc8 12. Qe2 Nxd4 13. Bxd4 Bc6 14. Rad1 Nd7 15. Nd5 Qd8 16. c3 a5 17. a3 e6 18. Bxg7 Kxg7 19. Bc2 Bxd5 20. exd5 e5 21. Qd2 a4 22. Re4 Nc5 23. Rb4 f5 1/2-1/2

[Event "Portugal Open 2020"]
[Site "Lisbon"]
[Date "2020.01.26"]
[Round "2.36"]
[White "Rocha, Sergio"]
[Black "Ruiz Bellon, Manuel"]
[Result "1-0"]
[ECO "E13"]
[WhiteElo "2343"]
[BlackElo "1985"]
[Annotator "NA"]
[PlyCount "69"]
[EventDate "2020.01.25"]
[EventType "swiss"]
[EventCountry "POR"]
[SourceTitle "playchess.com"]
[Source "ChessBase"]
[SourceQuality "1"]
[TimeControl "5400+30"]

1. d4 Nf6 2. Nf3 b6 3. c4 e6 4. Nc3 Bb4 5. Bg5 h6 6. Bh4 Bb7 7. e3 g5 8. Bg3 Ne4 9. Qc2 d6 10. Bd3 Bxc3+ 11. bxc3 Nxg3 12. hxg3 Nc6 13. Rb1 Qe7 14. Qa4 g4 15. Nh2 O-O-O 16. Be4 Qd7 17. Nxg4 d5 18. Bf3 f5 19. cxd5 exd5 20. Nf6 Qf7 21. Nh5 Na5 22. Nf4 Bc6 23. Qc2 Nc4 24. Rb4 Qd7 25. Rh5 a5 26. Rb3 a4 27. Rb4 Na3 28. Qc1 Nc4 29. Kf1 Rhg8 30. Kg1 Nd6 31. Nxd5 Qf7 32. Ne7+ Qxe7 33. Bxc6 Nb7 34. Rxa4 Na5 35. Rxa5 1-0